 Dungeon Crawl Stone Soup version 0.20.0-15-g7f486f2 (webtiles) character file.

1052 Chiseanne the Magician (level 8, 53/53 HPs)
             Began as a Demonspawn Wizard on June 15, 2017.
             Quit the game on level 5 of the Dungeon.
             The game lasted 00:10:08 (5088 turns).

Chiseanne the Magician (Demonspawn Wizard)          Turns: 5088, Time: 00:10:09

Health: 53/53      AC:  7    Str:  8    XL:     8   Next: 5%
Magic:  13/18      EV: 12    Int: 21    God:
Gold:   250        SH:  0    Dex: 12    Spells: 12/21 levels left

rFire    . . .     SeeInvis .   a - +1 mace (venom)
rCold    + . .     Gourm    .   (no shield)
rNeg     . . .     Faith    .   b - +2 robe {rC+}
rPois    .         Spirit   +   (helmet restricted)
rElec    .         Reflect  .   c - +0 cloak
rCorr    .         Harm     +   (no gloves)
MR       .....                  x - +0 pair of boots
Stlth    ++........             i - amulet of harm
Regen    0.2/turn               (no ring)
MPRegen  0.2/turn               (no ring)

@: no status effects
A: antennae 1, rugged brown scales 1, spiny 1, magic shield
a: no special abilities


You were on level 5 of the Dungeon.
You were not hungry.

You visited 1 branch of the dungeon, and saw 5 of its levels.

You collected 250 gold pieces.

Inventory:

Hand Weapons
 a - a +1 mace of venom (weapon)
 s - a +3 quarterstaff of chaos
 w - a +0 blowgun
Missiles
 e - 62 sling bullets
 j - 107 stones (quivered)
 k - 10 tomahawks
 r - 28 arrows
 v - 8 needles of confusion
 A - 7 curare-tipped needles
 B - 27 bolts
Armour
 b - a +2 robe of cold resistance (worn)
 c - a +0 cloak (worn)
 n - a cursed +0 helmet
 o - a +0 leather armour of magic resistance
 x - a +0 pair of boots (worn)
Jewellery
 i - an amulet of harm (around neck)
Scrolls
 g - 2 scrolls of fog
 l - 2 scrolls of remove curse
 m - a scroll of teleportation
 t - a scroll of amnesia
 y - a scroll of identify
 D - a scroll of blinking {unknown}
Potions
 h - 2 potions of mutation
 p - 5 potions of heal wounds
 q - a potion of cancellation
 u - a potion of flight
Comestibles
 d - 3 bread rations
 f - a royal jelly
 z - a meat ration
 C - 3 chunks of flesh


   Skills:
 - Level 1.7 Dodging
 - Level 1.7 Stealth
 * Level 7.0 Spellcasting
 * Level 6.3 Conjurations
   Level 1.0 Summonings
 - Level 0.8 Translocations


You had 12 spell levels left.
You knew the following spells:

 Your Spells              Type           Power        Failure   Level  Hunger
a - Magic Dart            Conj           ####         1%          1    None
b - Blink                 Tloc           N/A          10%         2    None
c - Conjure Flame         Conj/Fire      ###.....     7%          3    #......
d - Mephitic Cloud        Conj/Pois/Air  ###.....     11%         3    #......


Dungeon Overview and Level Annotations

Branches:
Dungeon (5/15)
 Temple: D:4-7

Altars:
Ashenzari
Gozag
Okawaru
Qazlal


Innate Abilities, Weirdness & Mutations

You have a pair of small antennae on your head.
You are partially covered in rugged brown scales. (AC +1, +3% HP)
You are partially covered in sharp spines.
When hurt, damage is shared between your health and your magic reserves.


Message History

Sigmund seems less confused.
You hit Sigmund.
Sigmund is poisoned.
Sigmund is moderately wounded.
Sigmund is struck by your spines. Sigmund completely misses you.
You hit Sigmund.
Sigmund looks as sick as possible!
Sigmund is severely wounded.
Sigmund is struck by your spines.
You kill Sigmund!
Your Spellcasting skill increases to level 7!
You have reached level 8!
You feel stronger.
Your demonic ancestry asserts itself...
A pair of antennae grows on your head!
Your cursed +0 helmet falls away!
Things that are here:
a scythe of slicing; a robe; the human corpse of Sigmund You butcher the human corpse of Sigmund.
C - 3 chunks of flesh (gained 1)
Things that are here:
a scythe of slicing; a robe Are you sure you want to abandon this character and quit the game? (Confirm with "yes".)

....#######.#..######.#.####
....# #.##.# #.#.# ....#
#.##.# #.#.# ....# #.##.#
#.#.# ....# #.##.# ####.#.#
###########.##.. #....#.#
............###.##.##.#.#
.......###### #..#.##.#.#
.......'..# #@#....#.#
.......##.# #..###.#.#
.......##.### ##.# #.#.#
.......#....# #.# #.#.#
.......#....# #.#
.#.######### .......#.[..#
#.. #..........
.......#....# ##.
########### .#######....# .#
# .# #....# .. #


There were no monsters in sight!

Vanquished Creatures
  Sigmund (D:5)
  The ghost of Gargoyl the Skirmisher, an amateur DrAK of Lugonu (D:3)
  Duvessa (D:4)
  An ogre (D:4)
  Dowan (D:4)
  2 crimson imps (D:3)
  A hound (D:4)
  3 orc wizards (D:4)
  Crazy Yiuf (D:2)
  Jessica (D:2)
  Ijyb (D:3)
  Terence (D:3)
  An iguana (D:4)
  2 worker ants (D:4)
  8 adders
  A dart slug (D:2)
  2 leopard geckos
  5 orcs
  4 giant cockroaches
  7 hobgoblins
  10 jackals
  3 quokkas
  A ball python (D:2)
  A ball python skeleton (D:4)
  6 bats
  7 frilled lizards
  6 goblins
  11 kobolds
  2 leopard gecko skeletons (D:4)
  7 rats
99 creatures vanquished.

Notes
Turn   | Place    | Note
-------+----------+-------------------------------------------
     0 | D:1      | Chiseanne the Demonspawn Wizard began the quest for the Orb.
     0 | D:1      | Reached XP level 1. HP: 13/13 MP: 4/4
   561 | D:1      | Gained mutation: You are partially covered in rugged brown scales. (AC +1, +3% HP) [demonic ancestry]
   561 | D:1      | Reached XP level 2. HP: 13/19 MP: 1/6
  1170 | D:2      | Found an iron altar of Okawaru.
  1268 | D:2      | Learned a level 2 spell: Blink
  1494 | D:2      | Gained mutation: You are partially covered in sharp spines. [demonic ancestry]
  1494 | D:2      | Reached XP level 3. HP: 24/24 MP: 1/8
  1656 | D:2      | Noticed Jessica
  1663 | D:2      | Killed Jessica
  1663 | D:2      | Reached skill level 4 in Spellcasting
  1804 | D:2      | Reached XP level 4. HP: 30/30 MP: 6/10
  1945 | D:2      | Found a runed door.
  2035 | D:2      | Learned a level 3 spell: Conjure Flame
  2039 | D:2      | Learned a level 3 spell: Mephitic Cloud
  2040 | D:2      | Noticed Crazy Yiuf
  2045 | D:2      | Killed Crazy Yiuf
  2214 | D:3      | Noticed Gargoyl's ghost (amateur DrAK)
  2234 | D:3      | Noticed Terence
  2244 | D:3      | Killed Terence
  2384 | D:3      | Gained mutation: When hurt, damage is shared between your health and your magic reserves. [demonic ancestry]
  2384 | D:3      | Reached XP level 5. HP: 32/36 MP: 2/12
  2666 | D:3      | Killed Gargoyl's ghost
  2666 | D:3      | Reached skill level 5 in Spellcasting
  2666 | D:3      | Reached XP level 6. HP: 29/42 MP: 5/14
  2945 | D:3      | Noticed Ijyb
  2969 | D:3      | Killed Ijyb
  3394 | D:4      | Reached XP level 7. HP: 33/47 MP: 6/15
  3577 | D:4      | Reached skill level 6 in Spellcasting
  3577 | D:4      | Reached skill level 5 in Conjurations
  3615 | D:4      | Noticed Duvessa
  3615 | D:4      | Noticed Dowan
  3624 | D:4      | Killed Dowan
  3628 | D:4      | Killed Duvessa
  4507 | D:4      | Found a shattered altar of Ashenzari.
  4814 | D:5      | Entered Level 5 of the Dungeon
  4836 | D:5      | Found a stormy altar of Qazlal.
  4857 | D:5      | Found an opulent altar of Gozag.
  5078 | D:5      | Noticed Sigmund
  5084 | D:5      | Killed Sigmund
  5084 | D:5      | Reached skill level 7 in Spellcasting
  5084 | D:5      | Gained mutation: You have a pair of small antennae on your head. [demonic ancestry]
  5084 | D:5      | Reached XP level 8. HP: 53/53 MP: 13/18
  5088 | D:5      | Quit the game

Skill      XL: |  1  2  3  4  5  6  7 |
---------------+----------------------+-----
Spellcasting   | 4 5 7 |  7.0
Conjurations   | 2 3 4 6 |  6.3
Dodging        | |  1.7
Stealth        | |  1.7
Summonings     | |  1.0
Translocations | |  0.8

Action                   |  1- 3 |  4- 6 |  7- 9 || total
-------------------------+-------+-------+-------++-------
Melee: Short sword       |    17 |       |       ||    17
       Unarmed           |     3 |       |       ||     3
       Mace              |       |    12 |    17 ||    29
       Quarterstaff      |       |     6 |       ||     6
 Cast: Magic Dart        |    79 |    76 |    58 ||   213
       Mephitic Cloud    |       |     5 |     4 ||     9
       Conjure Flame     |       |     1 |     1 ||     2
  Use: Scroll            |     7 |     6 |       ||    13
       Potion            |       |     2 |       ||     2
 Stab: Confused          |       |     1 |     1 ||     2
  Eat: Chunk             |     2 |     6 |     5 ||    13
Armor: Robe              |     7 |    15 |     6 ||    28
Dodge: Dodged            |    22 |    16 |     6 ||    44
